 Dungeon Crawl Stone Soup version 0.28-a0-535-g6f645e4c1d (webtiles) character file.

Game seed: 11232513904320295664

59 Shayle the Magician (level 4, -1/34 HPs)
             Began as a Djinni Warper on Sept 26, 2021.
             Killed by nerve-wracking pain
             ... invoked by Jessica
              (7 damage)
             ... on level 2 of the Dungeon.
             The game lasted 00:06:55 (2430 turns).

Shayle the Magician (Djinni Warper)                 Turns: 2430, Time: 00:06:56

Health: -1/34      AC:  3    Str: 10    XL:     4   Next: 22%
Gold:   68         EV: 11    Int: 15    God:
                   SH:  0    Dex: 13

rFire   + + .      SeeInvis .   i - +0 short sword (protect)
rCold   x . .      Faith    .   (no shield)
rNeg    . . .      Spirit   .   a - +0 leather armour
rPois   ∞          Reflect  .   (no helmet)
rElec   .          Harm     .   (no cloak)
rCorr   .          Rampage  .   (no gloves)
Will    .....                   (boots unavailable)
Stlth   +.........              (no amulet)
HPRegen 0.11/turn               (no ring)
MPRegen 0.00/turn               (no ring)

@: flying, very slightly contaminated
A: sickness immunity, fire resistance 2, cold vulnerability 1, float, innate
caster, hp casting, extra vitality 1
a: no special abilities


You were on level 2 of the Dungeon.
You visited 1 branch of the dungeon, and saw 2 of its levels.

You collected 68 gold pieces.

Inventory:

Hand Weapons
 i - a +0 short sword of protection (weapon)
Missiles
 c - 4 boomerangs of dispersal (quivered)
Armour
 a - a +0 leather armour (worn)
Jewellery
 f - an amulet of reflection
Scrolls
 b - a scroll of blinking
 d - 3 scrolls of identify {unknown}
 e - a scroll of acquirement {unknown}
 g - a scroll of torment {unknown}
 h - a scroll of enchant weapon {unknown}
 j - a scroll of fog {unknown}


   Skills:
 + Level 2.6 Fighting
 + Level 1.5 Throwing
 - Level 1.0 Armour
 - Level 2.1 Dodging
 + Level 2.6 Unarmed Combat
 + Level 2.8 Spellcasting


You couldn't memorise any spells.
You knew the following spells:

 Your Spells              Type           Power      Damage    Failure   Level
a - Blink                 Tloc           N/A        N/A       13%         2
b - Lesser Beckoning      Tloc           10%        N/A       26%         3
c - Gell's Gravitas       Tloc           5%         N/A       26%         3
d - Teleport Other        Tloc           10%        N/A       26%         3
e - Manifold Assault      Tloc           10%        N/A       94%         5
f - Sting                 Tmut/Pois      40%        1d5       9%          1
Your spell library was empty.

Dungeon Overview and Level Annotations

Branches:
Dungeon (2/15)

Altars:

Annotations:
D:2 Jessica


Innate Abilities, Weirdness & Mutations

You are immune to sickness and miasma.
You are immune to poison.
Your flesh is very heat resistant. (rF++)
You are vulnerable to cold. (rC-)
You float through the air rather than walking.
You learn spells naturally, not from books.
Your magical power is your life essence.
You have superior vitality. (+4 HP)


Message History

Aim: a quokka (severely wounded, 60% to hit)
The sting misses the quokka.
The quokka misses you. Jessica gestures at you while chanting.
Pain shoots through your body!
Unknown command.
Casting: Sting (safe; 9% risk of failure)
Confirm with . or Enter, or press ? or * to list all spells.
Aiming: Sting (safe; 9% risk of failure)
Press: ? - help, Shift-Dir - straight line, f/p - quokka
Aim: a quokka (severely wounded, 60% to hit)
The sting misses the quokka.
The quokka barely misses you.
Unknown command.
You miss the quokka.
The quokka is severely wounded.
Jessica looks more healthy.
The quokka bites you.
Jessica points at you and mumbles some strange words.
You resist with some effort. The quokka bites you.
* * * LOW HITPOINT WARNING * * *
Unknown command.
You completely miss the quokka.
The quokka is severely wounded.
Jessica misses you.
The quokka bites you but does no damage.
You aren't carrying any potions.
You closely miss the quokka.
The quokka is severely wounded.
The quokka barely misses you. Jessica casts a spell at you.
Pain shoots through your body!
* * * LOW HITPOINT WARNING * * *
Throw: 5 boomerangs (disperse)
Press: ? - help, Q - select action, (/) - cycle Shift-Dir - straight line, f/p - quokka
Aim: a quokka (severely wounded, 46% to hit)
You throw a boomerang of dispersal.
The boomerang of dispersal hits the quokka.
The quokka blinks!
You feel a bit more experienced. Jessica closely misses you.
Jessica casts a spell at you. Pain shoots through your body!
You die...

..............#..................
....##........# #...............#
....##........###...............'
....##..........................#
....##................###†.....##
.#####................###.......#
.##.............#...............#
..........#####.@................
.........##...##@................
.........#.....#§................
#.†......#..@r.'.................
.........#.....#.................
.........##?.?##................#
..(.####..#####..#####..........#
....##............#.............#
.:...#...#........#.............#
.....#...#........#.............#


You could see Jessica.

Vanquished Creatures
  2 adders (D:2)
  4 endoplasms (D:1)
  A giant cockroach (D:2)
  4 hobgoblins (D:2)
  4 jackals
  2 quokkas
  2 ball pythons (D:2)
  7 bats
  7 frilled lizards
  2 goblins (D:1)
  4 kobolds
  A rat (D:2)
40 creatures vanquished.

Notes
Turn   | Place    | Note
-------+----------+-------------------------------------------
     0 | D:1      | Shayle the Djinni Warper began the quest for the Orb.
     0 | D:1      | Reached XP level 1. HP: 18/18 MP: 0/0
   401 | D:1      | Reached skill level 1 in Throwing
   426 | D:1      | Reached XP level 2. HP: 23/23 MP: 0/0
   856 | D:1      | Found a faded altar of an unknown god.
  1313 | D:2      | Reached XP level 3. HP: 29/29 MP: 0/0
  1313 | D:2      | Learned a level 1 spell: Sting
  1850 | D:2      | Reached XP level 4. HP: 32/34 MP: 0/0
  2412 | D:2      | Noticed Jessica
  2430 | D:2      | Killed from afar by Jessica

Illustrated notes

Levels and vault maps discovered:
D:1:      dpeg_arrival_connections, layout_basic,
          ebering_ecumenical_altar_petrified
D:2:      layout_basic, kennysheep_jessica_study

Skill      XL: |  1 |
---------------+----+-----
Throwing       | 1 |  1.5
Fighting       | |  2.6
Armour         | |  1.0
Dodging        | |  2.1
Unarmed Combat | |  2.6
Spellcasting   | |  2.8

Action                   |  1- 3 |  4- 6 || total
-------------------------+-------+-------++-------
Melee: Unarmed           |    94 |       ||    94
       Short sword       |       |     9 ||     9
       Punch             |       |     1 ||     1
Throw: Boomerang         |       |     1 ||     1
 Cast: Sting             |    21 |    18 ||    39
       Blink             |     5 |       ||     5
  Use: Potion            |     1 |       ||     1
Armor: Leather armour    |    28 |    10 ||    38
Dodge: Dodged            |    68 |    24 ||    92

Table legend: (Time is in decaauts)
 A = Elapsed time spent in this place.
 B = Non-inter-level travel time spent in this place.
 C = Inter-level travel time spent in this place.
 D = Time resting spent in this place.
 E = Time spent auto-exploring this place.
 F = Levels seen in this place.
 G = Mean time per level.
                   A        B        C        D        E       F      G
               +--------+--------+--------+--------+--------+-----+--------+
         Total |   2427 |   2395 |     32 |    252 |   1600 |   2 | 1213.5 |
       Dungeon |   2427 |   2395 |     32 |    252 |   1600 |   2 | 1213.5 |
               +--------+--------+--------+--------+--------+-----+--------+

Top non-repeatable levels by time:
     D:1: 1595 daAuts
     D:2: 831 daAuts
